 Dungeon Crawl Stone Soup version 0.30-a0-305-g026cb31310 (webtiles) character file.

Game seed: 17286947613323259834

4 ryw the Trooper (level 1, -1/18 HPs)
             Began as a Demonspawn Monk on Oct 21, 2022.
             Slain by a jackal (2 damage)
             ... on level 1 of the Dungeon.
             The game lasted 00:00:47 (47 turns).

ryw the Trooper (Demonspawn Monk)                     Turns: 47, Time: 00:00:47

Health: -1/18      AC:  2    Str: 11    XL:     1   Next: 58%
Magic:  1/1        EV: 12    Int: 11    God:
Gold:   0          SH:  0    Dex: 15    Spells: 0/0 levels left

rFire   . . .      SeeInvis .      - Unarmed
rCold   . . .      Faith    .    (no shield)
rNeg    . . .      Spirit   .    a - +0 robe
rPois   .          Reflect  .    (no helmet)
rElec   .          Harm     .    (no cloak)
rCorr   .          Rampage  .    (no gloves)
Will    .....                    (no boots)
Stlth   ++........               (no amulet)
HPRegen 0.23/turn                (no ring)
MPRegen 0.07/turn                (no ring)

@: no status effects
A: no striking features
a: no special abilities


You were on level 1 of the Dungeon.
You visited 1 branch of the dungeon, and saw 1 of its levels.

Inventory:

Missiles
 c - 2 poisoned darts (quivered)
Armour
 a - a +0 robe (worn)


   Skills:
 + Level 3.3 Fighting
 - Level 2.6 Dodging
 - Level 1.7 Stealth
 - Level 2.6 Unarmed Combat


You couldn't memorise any spells.
You didn't know any spells.
Your spell library was empty.

Dungeon Overview and Level Annotations

Branches:
Dungeon (1/15)

Altars:


Message History

The jackal closely misses you. The jackal misses you. The jackal bites you.
* * * LOW HITPOINT WARNING * * *
The jackal barely misses you.
Unknown command.
You hit the jackal.
The jackal is heavily wounded.
The jackal closely misses you. The jackal misses you. The jackal bites you.
* * * LOW HITPOINT WARNING * * *
Unknown command.
You aren't carrying any potions.
Unknown command.
Unknown command.
Attack: -) Nothing wielded
Press: ? - help, Dir - move target, f - quokka
Aim: a quokka (heavily wounded, about 50% to evade your hands)
You closely miss the quokka. Your punch misses the quokka.
The quokka is heavily wounded.
The jackal misses you. x2; The quokka barely misses you.
The jackal closely misses you.
Throw: 4 darts (poison)
Press: ? - help, Q - select action Shift-Dir - straight line, f - jackal, p - quokka
Aim: a jackal (51% to hit)
You throw a poisoned dart. The poisoned dart hits the jackal.
The jackal is poisoned.
The jackal closely misses you. x2; The jackal barely misses you.
The quokka bites you.
* * * LOW HITPOINT WARNING * * *
The jackal bites you.
* * * LOW HITPOINT WARNING * * *
The jackal barely misses you. x2; The quokka barely misses you.
Unknown command.
Throw: 3 darts (poison)
Press: ? - help, Q - select action Shift-Dir - straight line, f - jackal, p - jackal
Aim: a jackal (heavily wounded, 51% to hit)
You throw a poisoned dart.
The poisoned dart closely misses the jackal.
The poisoned dart closely misses the goblin.
The jackal bites you but does no damage.
The jackal bites you.
You die...

..............
#............
##............
##.............
......)).#
....###.###
.####r....###
##..rh......##
#...@hg....(.##
#....h...$....#
###..........##
#.....~~~.....#
#....~...~...##
#....~.<.~....#
####.~...~....#
#....~≈≈.....#
#...........##


You could see a quokka, 3 jackals, a goblin and a rat.

Vanquished Creatures
  2 goblins (D:1)
  A jackal (D:1)
  A ball python (D:1)
4 creatures vanquished.

Notes
Turn   | Place    | Note
-------+----------+-------------------------------------------
     0 | D:1      | ryw the Demonspawn Monk began the quest for the Orb.
     0 | D:1      | Reached XP level 1. HP: 18/18 MP: 1/1
    47 | D:1      | Slain by a jackal

Illustrated notes

Levels and vault maps discovered:
D:1:      enne_arrival_octagon_isle, layout_rooms

Action                   || total
-------------------------++-------
Melee: Unarmed           ||    20
       Punch             ||     1
Throw: Dart              ||     2
  Use: Potion            ||     1
Armor: Robe              ||     7
Dodge: Dodged            ||    48

Table legend: (Time is in decaauts)
 A = Elapsed time spent in this place.
 B = Non-inter-level travel time spent in this place.
 C = Inter-level travel time spent in this place.
 D = Time resting spent in this place.
 E = Time spent auto-exploring this place.
 F = Levels seen in this place.
 G = Mean time per level.
                   A        B        C        D        E       F      G
               +--------+--------+--------+--------+--------+-----+--------+
         Total |     46 |     46 |      0 |      0 |      7 |   1 |   46.0 |
       Dungeon |     46 |     46 |      0 |      0 |      7 |   1 |   46.0 |
               +--------+--------+--------+--------+--------+-----+--------+

Top non-repeatable levels by time:
     D:1: 46 daAuts
